 Dungeon Crawl Stone Soup version 0.17.0-15-g6d90897 (webtiles) character file.

198 Iffee the Covered (level 6, -4/48 HPs)
             Began as a Human Fighter on Nov 10, 2015.
             Slain by an ogre
             ... wielding a +0 giant club
              (12 damage)
             ... on level 4 of the Dungeon.
             The game lasted 00:26:09 (3197 turns).

Iffee the Covered (Human Fighter)                   Turns: 3197, Time: 00:26:10

Health: -4/48      AC:  7    Str: 28    XL:     6   Next: 6%
Magic:  6/6        EV:  8    Int:  9    God:
Gold:   149        SH: 11    Dex: 12    Spells: 0 memorised, 5 levels left

rFire  + . .     SeeInvis .     a - +0 long sword
rCold  . . .     Clarity  .     b - +0 scale mail
rNeg   . . .     SustAt   .     c - +1 shield
rPois  .         Gourm    .     (no helmet)
rElec  .         Spirit   .     (no cloak)
rCorr  .         Warding  .     (no gloves)
rMut   .         Stasis   .     (no boots)
MR     .....                    (no amulet)
Stlth  +.........               k - ring of protection from fire
                                h - +5 ring of strength

@: mighty, not resistant to hostile enchantments, very unstealthy
A: talons 1, camouflage 1, blurry vision 1
a: no special abilities


You were on level 4 of the Dungeon.
You were not hungry.

You visited 1 branch of the dungeon, and saw 4 of its levels.

You collected 149 gold pieces.

Inventory:

Hand Weapons
 a - a +0 long sword (weapon)
 e - a +3 dagger of protection
 j - a +1 hunting sling of freezing
 p - a cursed -2 rapier
Armour
 b - a +0 scale mail (worn)
 c - a +1 shield (worn)
Rods
 l - a +0 rod of clouds (11/11)
   (You found it on level 4 of the Dungeon)
Jewellery
 h - a +5 ring of strength (left hand)
 k - a ring of protection from fire (right hand)
Scrolls
 i - a scroll of teleportation
 m - a scroll of recharging
 n - a scroll of identify
 o - a scroll of amnesia
 q - a scroll of remove curse
Comestibles
 f - 2 meat rations
 g - a royal jelly


   Skills:
 + Level 3.7 Fighting
 + Level 3.2 Long Blades
 + Level 4.0 Armour
 + Level 1.4 Dodging
 + Level 0.9 Stealth
 + Level 3.9 Shields


You had 5 spell levels left.
You didn't know any spells.

Dungeon Overview and Level Annotations

Branches:
Dungeon (4/15)
 Temple: D:4-7

Altars:
Nemelex Xobeh
Xom


Innate Abilities, Weirdness & Mutations

You have sharp toenails.
Your skin changes colour to match your surroundings (Stealth).
Scrolls take you a little longer to read.


Message History

The phantom barely misses you.
You closely miss the phantom.
The phantom is moderately damaged.
The phantom blinks!
You hit the ogre. Your kick misses the ogre.
The ogre is lightly wounded.
The ogre hits you with a giant club!
You slash the ogre! You claw the ogre, but do no damage.
The ogre is heavily wounded.
You block the ogre's attack.
You barely miss the ogre. You claw the ogre, but do no damage.
The ogre is heavily wounded.
The ogre hits you with a giant club!!
Ouch! That really hurt!
* * * LOW HITPOINT WARNING * * *
The ogre barely misses you.
Drink which item? (? for menu, Esc to quit)
You feel very mighty all of a sudden. The ogre hits you with a giant club!
You die...

##.##.......####.......##
#..
.###........#######....#
#..
............##....'....#
#..
#...........##.####....#
#.. ...#######'###.#
###### ### ...# #.#
#.######### # #### #.#
#.#.......##########
#.###.#.#####...........
#.....#@################
#######.OW...... #..
########## #.. #.. ###


You could see a phantom and an ogre.

Vanquished Creatures
  A hound (D:4)
  A giant frog skeleton (D:4)
  A worker ant (D:4)
  3 adders
  2 oozes
  3 worms
  4 giant geckos
  2 orcs
  5 bats
  9 giant cockroaches
  5 goblins
  13 hobgoblins
  4 jackals (D:1)
  A ball python (D:3)
  A giant newt (D:1)
  6 kobolds
  13 rats
74 creatures vanquished.

Notes
Turn   | Place    | Note
--------------------------------------------------------------
     0 | D:1      | Iffee the Human Fighter began the quest for the Orb.
     0 | D:1      | Reached XP level 1. HP: 18/18 MP: 1/1
   374 | D:1      | Reached XP level 2. HP: 24/24 MP: 2/2
   671 | D:1      | Reached XP level 3. HP: 29/29 MP: 3/3
  1356 | D:2      | Reached XP level 4. HP: 16/35 MP: 4/4
  1547 | D:3      | Found a shimmering altar of Xom.
  2365 | D:4      | Reached XP level 5. HP: 41/41 MP: 5/5
  2410 | D:4      | Reached skill level 1 in Dodging
  2564 | D:4      | Identified a +0 rod of clouds (11/11) (You found it on level 4 of the Dungeon)
  2659 | D:4      | Gained mutation: You have sharp toenails. [potion of mutation]
  2659 | D:4      | Gained mutation: Scrolls take you a little longer to read. [potion of mutation]
  2659 | D:4      | Gained mutation: Your skin changes colour to match your surroundings (Stealth). [potion of mutation]
  2720 | D:4      | Found a sparkling altar of Nemelex Xobeh.
  3131 | D:4      | Reached skill level 4 in Armour
  3131 | D:4      | Reached XP level 6. HP: 44/48 MP: 6/6
  3186 | D:4      | Noticed a phantom
  3186 | D:4      | Noticed an ogre
  3197 | D:4      | Slain by an ogre

Action                   |  1- 3 |  4- 6 || total
-------------------------+-------+-------++-------
Melee: Long sword        |   125 |   141 ||   266
  Use: Scroll            |     7 |     4 ||    11
       Potion            |     1 |     5 ||     6
  Eat: Meat ration       |     1 |       ||     1
       Bread ration      |     1 |       ||     1
